 Dungeon Crawl Stone Soup version 0.29.0 (webtiles) character file.

Game seed: 4117913097257984528

210 imdaedric the Shield-Bearer (level 5, -18/47 HPs)
             Began as a Minotaur Fighter on Aug 24, 2022.
             Demolished by an ogre
             ... wielding a +0 giant club
              (25 damage)
             ... on level 4 of the Dungeon.
             The game lasted 00:05:16 (3200 turns).

imdaedric the Shield-Bearer (Minotaur Fighter)      Turns: 3200, Time: 00:05:17

Health: -18/47     AC: 13    Str: 23    XL:     5   Next: 57%
Magic:  4/4        EV:  6    Int:  5    God:
Gold:   165        SH:  4    Dex:  9    Spells: 4/4 levels left

rFire   . . .      SeeInvis +   a - +0 war axe
rCold   . . .      Faith    .   c - +0 buckler
rNeg    . . .      Spirit   .   n - +0 plate armour
rPois   .          Reflect  .   (helmet restricted)
rElec   .          Harm     .   (no cloak)
rCorr   .          Rampage  .   p - +0 pair of gloves
Will    .....                   (no boots)
Stlth   ..........              (no amulet)
HPRegen 0.15/turn               l - ring of see invisible
MPRegen 0.09/turn               (no ring)

@: mighty
A: horns 2, retaliatory headbutt
a: no special abilities


You were on level 4 of the Dungeon.
You visited 1 branch of the dungeon, and saw 4 of its levels.

You collected 165 gold pieces.

Inventory:

Hand Weapons
 a - a +0 war axe (weapon)
 k - a +2 sling of freezing
Missiles
 m - 22 stones (quivered)
Armour
 c - a +0 buckler (worn)
 n - a +0 plate armour (worn)
 p - a +0 pair of gloves (worn)
Jewellery
 l - a ring of see invisible (left hand)
Scrolls
 b - a scroll of identify
 o - 2 scrolls of teleportation
 r - 2 scrolls of butterflies
Potions
 e - a potion of cancellation {unknown}
 f - a potion of brilliance {unknown}
 g - a potion of lignification {unknown}
 h - a potion of heal wounds
 i - 4 potions of curing
 j - 2 potions of haste {unknown}
 q - a potion of resistance {unknown}


   Skills:
 * Level 4.9 Fighting
 * Level 4.1 Axes
 * Level 4.9 Armour
 * Level 4.9 Shields


You had 4 spell levels left.
You didn't know any spells.
Your spell library contained the following spells:

 Spells                   Type           Power      Damage    Failure   Level
 Shock                    Conj/Air       0%         1d3       100%        1
 Stone Arrow              Conj/Erth      0%         3d7       100%        3
 Swiftness                Air            0%         N/A       100%        3
 Airstrike                Air            0%         2d(0-16)  100%        4
 Animate Armour           Summ/Erth      0%         N/A       100%        4
 Lehudib's Crystal Spear  Conj/Erth      0%         10d2      100%        8


Dungeon Overview and Level Annotations

Branches:
Dungeon (4/15)
 Temple: D:4-7

Altars:


Innate Abilities, Weirdness & Mutations

You have a pair of horns on your head.
You reflexively headbutt those who attack you in melee.


Message History

The orc is heavily wounded.
You hit the ogre but do no damage.
The ogre hits you with a +0 giant club!!
The orc hits you but does no damage. x3
You are too injured to fight recklessly!
You are too injured to fight recklessly!
You are too injured to fight recklessly!
You are too injured to fight recklessly!
You are too injured to fight recklessly!
You are too injured to fight recklessly!
You are too injured to fight recklessly!
You are too injured to fight recklessly!
You are too injured to fight recklessly!
You are too injured to fight recklessly!
You are too injured to fight recklessly!
You are too injured to fight recklessly!
You are too injured to fight recklessly!
You are too injured to fight recklessly!
You are too injured to fight recklessly!
The orc attacks as you move away! The orc barely misses you.
The ogre attacks as you move away! The ogre barely misses you.
You feel very mighty all of a sudden.
A phantom comes into view.
You block the ogre's attack. You block the orc's attack.
You slash the ogre!
The ogre is severely wounded.
You slash the orc!
You kill the orc!
You hit the ogre.
The ogre is severely wounded.
You barely miss the orc.
The ogre hits you with a +0 giant club!!
* * * LOW HITPOINT WARNING * * *
The orc hits you but does no damage.
You barely miss the ogre. Your headbutt misses the ogre.
The ogre is severely wounded.
You hit the orc. The orc hits you but does no damage.
The ogre hits you with a +0 giant club!!
Ouch! That really hurt!
You die...

#.............
#.............
#####......... ####
#..........
#..####..........
##....##.........#
##..#.............#
####..†...#...........
###....@#...............
#.....oO##..............
##..?..g#.....##..#.....
##....)).........#..#..
#....W...............
#.............#...
#.............. .
#...........## ..
###...##......


You could see an ogre, a phantom, an orc and a goblin.

Vanquished Creatures
  A necrophage (D:3)
  A jelly (D:4)
  An iguana (D:4)
  2 adders (D:3)
  An ufetubus (D:4)
  3 dart slugs
  14 orcs
  6 bats
  6 endoplasms
  6 goblins
  2 hobgoblins
  2 quokkas
  4 ball pythons
  4 frilled lizards
  3 kobolds (D:3)
  4 rats
60 creatures vanquished.

Notes
Turn   | Place    | Note
-------+----------+-------------------------------------------
     0 | D:1      | imdaedric the Minotaur Fighter began the quest for the Orb.
     0 | D:1      | Reached XP level 1. HP: 19/19 MP: 0/0
   551 | D:1      | Reached XP level 2. HP: 27/27 MP: 1/1
  1522 | D:2      | Found a faded altar of an unknown god.
  1790 | D:3      | Reached XP level 3. HP: 29/33 MP: 2/2
  2382 | D:3      | Noticed a necrophage
  2389 | D:3      | Killed a necrophage
  2390 | D:3      | Reached XP level 4. HP: 25/41 MP: 3/3
  2830 | D:3      | Reached XP level 5. HP: 39/47 MP: 4/4
  3189 | D:4      | Noticed an ogre
  3197 | D:4      | Noticed a phantom
  3200 | D:4      | Demolished by an ogre

Illustrated notes

Levels and vault maps discovered:
D:1:      reono_arrival_mine, layout_loops_corners
D:2:      layout_basic, shapermc_ecumenical_altar_petra, minmay_misc_feat_chi
D:3:      layout_rooms, columned_hall_lemuel, minmay_quadrilaterals
D:4:      layout_cave_pools, kennysheep_little_box, lemuel_doored_altar,
          minivault_11

Skill      XL: |  1  2  3  4  5 |
---------------+----------------+-----
Armour         | 4 |  4.9
Shields        | 4 |  4.9
Fighting       | 4 |  4.9
Axes           | 3 4 |  4.1

Action                   |  1- 3 |  4- 6 || total
-------------------------+-------+-------++-------
Melee: War axe           |    94 |    30 ||   124
       Headbutt          |     9 |     3 ||    12
  Use: Scroll            |     7 |     2 ||     9
       Potion            |     1 |     1 ||     2
Armor: Scale mail        |    43 |     4 ||    47
       Plate armour      |       |    17 ||    17
Dodge: Dodged            |    51 |    15 ||    66
Block: Buckler           |    25 |     8 ||    33
